 Dungeon Crawl Stone Soup version 0.27-a0-419-g7a85846853 (webtiles) character file.

Game seed: 5517003434682942639

49 Ijustatesigmund the Skirmisher (level 3, -2/29 HPs)
             Began as a Demonspawn Fighter on Feb 26, 2021.
             Killed from afar by an orc wizard (7 damage)
             ... with a puff of flame
             ... on level 3 of the Dungeon.
             The game lasted 00:02:11 (1402 turns).

Ijustatesigmund the Skirmisher (Demonspawn Fighter) Turns: 1402, Time: 00:02:11

Health: -2/29      AC: 12    Str: 16    XL:     3   Next: 53%
Magic:  3/3        EV:  4    Int: 10    God:
Gold:   86         SH:  8    Dex: 12    Spells: 2/2 levels left

rFire    . . .     SeeInvis .   a - +0 war axe
rCold    . . .     Faith    .   c - +0 kite shield
rNeg     . . .     Spirit   .   b - +0 chain mail
rPois    .         Reflect  .   (no helmet)
rElec    .         Harm     .   (no cloak)
rCorr    .         Rampage  .   g - +0 pair of gloves
Will     .....                  (no boots)
Stlth    ..........             (no amulet)
HPRegen  0.09/turn              (no ring)
MPRegen  0.08/turn              (no ring)

@: brilliant, flying (expiring)
A: talons 1, iridescent scales 1
a: no special abilities


You were on level 3 of the Dungeon.
You visited 1 branch of the dungeon, and saw 3 of its levels.

You collected 86 gold pieces.

Inventory:

Hand Weapons
 a - a +0 war axe (weapon)
Armour
 b - a +0 chain mail (worn)
 c - a +0 kite shield (worn)
 g - a +0 pair of gloves (worn)
Jewellery
 i - a +6 ring of strength
Scrolls
 k - a scroll of enchant weapon {unknown}
Potions
 d - a potion of might
 f - a potion of haste
 l - a potion of magic {unknown}


   Skills:
 + Level 3.4 Fighting
 * Level 2.8 Axes
 - Level 2.6 Armour
 + Level 1.2 Dodging
 - Level 2.6 Shields


You had 2 spell levels left.
You didn't know any spells.
Your spell library was empty.

Dungeon Overview and Level Annotations

Branches:
Dungeon (3/15)

Altars:
Hepliaklqana
Qazlal


Innate Abilities, Weirdness & Mutations

You have sharp toenails.
You are partially covered in iridescent scales. (AC +2)


Message History

The orc wizard points at you and mumbles some strange words.
The puff of flame hits you!
The orc wizard points at you and mumbles some strange words.
You resist with significant effort.
There is an open door here.
The orc wizard hits you but does no damage.
Your shield prevents you from hitting the orc wizard.
Your kick misses the orc wizard.
The orc wizard hits you but does no damage. x2
You closely miss the orc wizard. Your kick misses the orc wizard.
The orc priest mumbles some strange prayers to Beogh against you.
Beogh smites you!
* * * LOW HITPOINT WARNING * * *
The orc wizard hits you but does no damage.
You bump into the rock wall.
You feel less confused. You block the orc wizard's attack.
You closely miss the orc wizard. Your kick misses the orc wizard.
The orc wizard gestures at itself while chanting.
The orc wizard flickers and vanishes!
Deactivating autopickup; reactivate with Ctrl-A.
Something hits you but does no damage.
You miss something.
You are starting to lose your buoyancy.
Something hits you but does no damage.
Your shield prevents you from hitting something.
Your kick misses something. Something hits you but does no damage.
You hear some strange, mumbled words.
A puff of flame appears from out of thin air!
The puff of flame hits you but does no damage.
You slash something! Your kick misses something.
You block something's attack. x2
You closely miss something. Your kick misses something.
Something hits you but does no damage.
The orc priest calls down the wrath of Beogh upon you.
Something writhes in agony.
You closely miss something. Your kick misses something.
You hear some strange, mumbled words.
A puff of flame appears from out of thin air!
The puff of flame hits you!
You die...

....... ....... ##.......
#........# #........#
#........#
...########........#
......oo{@'........+ #
###########........# #
#....(...# # #†)......#
##################.†......#
'................†.†......+
########..########........#
# ##.# #........# ## #+#
#........#


You could see an orc priest and an orc.

Vanquished Creatures
  An adder (D:3)
  A worm (D:2)
  A dart slug (D:1)
  2 leopard geckos (D:2)
  2 orcs (D:3)
  A giant cockroach (D:1)
  A goblin (D:3)
  4 hobgoblins (D:2)
  7 kobolds
  2 quokkas (D:3)
  3 bats
  3 frilled lizards
  5 rats
33 creatures vanquished.

Notes
Turn   | Place    | Note
-------+----------+-------------------------------------------
     0 | D:1      | Ijustatesigmund the Demonspawn Fighter began the quest for
                  | the Orb.
     0 | D:1      | Reached XP level 1. HP: 18/18 MP: 1/1
   181 | D:1      | Gained mutation: You are partially covered in iridescent
                  | scales. (AC +2) [demonic ancestry]
   181 | D:1      | Reached XP level 2. HP: 20/24 MP: 2/2
   814 | D:2      | Reached skill level 1 in Dodging
   815 | D:2      | Found a stormy altar of Qazlal.
   905 | D:2      | Noticed an earth elemental
   907 | D:2      | Noticed a water elemental
   907 | D:2      | Noticed an air elemental
   907 | D:2      | Noticed a fire elemental
  1136 | D:2      | Gained mutation: You have sharp toenails. [demonic
                  | ancestry]
  1136 | D:2      | Reached XP level 3. HP: 28/29 MP: 3/3
  1304 | D:3      | Found a hazy altar of Hepliaklqana.
  1402 | D:3      | Killed from afar by an orc wizard

Illustrated notes

Levels and vault maps discovered:
D:1:      dpeg_arrival_round_b, layout_rooms, minmay_strange_pillars
D:2:      layout_basic, nicolae_qazlal_style_of_elements, minmay_tetromino_t4
D:3:      minmay_octagon_keep, layout_basic, nzn_hepliaklqana_mist_gate,
          minmay_starry_boxes, uniq_sigmund, uniq_natasha, uniq_robin

Skill      XL: |  1  2 |
---------------+-------+-----
Axes           | 2 |  2.8
Dodging        | 1 |  1.2
Fighting       | |  3.4
Armour         | |  2.6
Shields        | |  2.6

Action                   || total
-------------------------++-------
Melee: War axe           ||   102
       Kick              ||    14
  Use: Scroll            ||     1
       Potion            ||     4
Armor: Scale mail        ||    35
       Chain mail        ||    35
Dodge: Dodged            ||    22
Block: Kite shield       ||    51

Table legend: (Time is in decaauts)
 A = Elapsed time spent in this place.
 B = Non-inter-level travel time spent in this place.
 C = Inter-level travel time spent in this place.
 D = Time resting spent in this place.
 E = Time spent auto-exploring this place.
 F = Levels seen in this place.
 G = Mean time per level.
                   A        B        C        D        E       F      G
               +--------+--------+--------+--------+--------+-----+--------+
         Total |   1464 |   1354 |    110 |      0 |   1063 |   3 |  488.0 |
       Dungeon |   1464 |   1354 |    110 |      0 |   1063 |   3 |  488.0 |
               +--------+--------+--------+--------+--------+-----+--------+

Top non-repeatable levels by time:
     D:1: 746 daAuts
     D:2: 570 daAuts
     D:3: 147 daAuts
